 Dungeon Crawl Stone Soup version 0.30-a0-223-gcb0039aa0c (webtiles) character file.

Game seed: 9409097033390005927

3329 timneilson the Covered (level 10, 0/60 HPs)
             Began as a Gargoyle Fighter on Oct 10, 2022.
             Was a Priest of Okawaru.
             Slain by an orc knight
             ... wielding a +0 bardiche
              (6 damage)
             ... in a bailey.
             The game lasted 00:14:10 (5932 turns).

timneilson the Covered (Gargoyle Fighter)           Turns: 5932, Time: 00:14:10

Health: 0/60       AC: 22    Str: 23    XL:     10   Next: 2%
Magic:  10/12      EV: 12    Int: 10    God:    Okawaru [***...]
Gold:   263        SH:  8    Dex: 15    Spells: 9/9 levels left

rFire   . . .      SeeInvis .    a - +1 long sword
rCold   . . .      Faith    .    c - +1 buckler
rNeg    + . .      Spirit   .    l - +0 chain mail
rPois   ∞          Reflect  .    m - +0 helmet
rElec   +          Harm     .    e - +0 cloak
rCorr   .          Rampage  .    (no gloves)
Will    .....                    (no boots)
Stlth   ..........               (no amulet)
HPRegen 0.30/turn                n - +6 ring of dexterity
MPRegen 0.13/turn                (no ring)

@: heroic
A: sickness immunity, AC +7, negative energy resistance 1, electricity
resistance, torment resistance 1, petrification resistance
a: Renounce Religion, Heroism


You were in a bailey.
You worshipped Okawaru.
Okawaru was most pleased with you.
You visited 2 branches of the dungeon, and saw 8 of its levels.
You also visited: Bailey.

You collected 263 gold pieces.

Inventory:

Hand Weapons
 a - a +1 long sword (weapon)
 s - a +1 war axe of flaming
Missiles
 h - 3 throwing nets (quivered)
Armour
 c - a +1 buckler (worn)
 d - a +0 plate armour
 e - a +0 cloak (worn)
 l - a +0 chain mail (worn)
 m - a +0 helmet (worn)
Jewellery
 n - a +6 ring of dexterity (left hand)
Wands
 i - a wand of digging (6)
 v - a wand of paralysis (12)
 w - a wand of polymorph (15)
Scrolls
 b - a scroll of enchant weapon
 f - 3 scrolls of amnesia
 p - a scroll of teleportation
 q - 2 scrolls of poison
 r - a scroll of acquirement {unknown}
 t - a scroll of magic mapping
 u - a scroll of blinking {unknown}
Potions
 j - a potion of magic
 k - a potion of mutation
 o - a potion of cancellation


   Skills:
 + Level 5.8(10.8) Fighting
 * Level 6.1(11.1) Long Blades
 * Level 7.7(12.7) Armour
 + Level 3.4(8.4) Dodging
 * Level 7.6(12.6) Shields
 + Level 3.4 Invocations
 + Level 3.5 Evocations


You had 9 spell levels left.
You didn't know any spells.
Your spell library contained the following spells:

 Spells                   Type           Power      Damage    Failure   Level
 Necrotise                Necr           0%         1d4       92%         1
 Vampiric Draining        Necr           0%         2d6       100%        3
 Agony                    Necr           0%         N/A       100%        5


Dungeon Overview and Level Annotations

Branches:
Dungeon (7/15)             Temple (1/1) D:4          Bailey (1/1)

Altars:
Ashenzari
Cheibriados
Elyvilon
Gozag
Hepliaklqana
Kikubaaqudgha
Nemelex Xobeh
Okawaru
Qazlal
Trog
Uskayaw
Vehumet
Wu Jian
Xom
Yredelemnul
The Shining One

Shops:
D:1 =   D:6 *


Innate Abilities, Weirdness & Mutations

You are immune to sickness and miasma.
Your stone body is resilient. (AC +7)
You are immune to poison.
You resist negative energy. (rN+)
You are resistant to electric shocks. (rElec)
You are resistant to unholy torment.
You are immune to petrification.


Message History

You completely miss the orc warrior.
The orc warrior is almost dead.
You block the orc warrior's attack.
The orc warrior hits you with a +0 glaive!
* * * LOW HITPOINT WARNING * * *
You hit the orc warrior but do no damage.
The orc warrior is almost dead.
You block the orc warrior's attack.
The orc knight hits you but does no damage.
Unknown command.
You completely miss the orc warrior.
The orc warrior is almost dead.
The orc warrior barely misses you. You block the orc warrior's attack.
The orc knight closely misses you.
You hit the orc warrior but do no damage.
The orc warrior is almost dead.
You block the orc warrior's attack. The orc warrior closely misses you.
You block the orc knight's attack.
You hit the orc warrior.
The orc warrior is almost dead.
The orc warrior completely misses you. The orc warrior closely misses you.
You block the orc knight's attack.
You slash the orc warrior!
You kill the orc warrior!
Okawaru accepts your kill.
Okawaru will now gift you throwing weapons as you gain piety.
You block the orc warrior's attack. You block the orc knight's attack.
You have reached level 10!
You feel better. You block the orc warrior's attack.
You block the orc knight's attack.
You feel better.
The orc warrior hits you with a +0 halberd.
The orc knight hits you but does no damage.
You feel better. The orc warrior barely misses you.
The orc knight hits you from afar with a +0 bardiche!
* * * LOW HITPOINT WARNING * * *
The orc warrior hits you with a +0 halberd!
* * * LOW HITPOINT WARNING * * *
The orc knight hits you with a +0 bardiche.
You die...

####..≈≈≈≈..
####.$#..≈≈≈≈≈.
.....#...≈≈≈≈.....##
...##...≈≈≈≈..♣♣...
#..#....≈≈≈≈..♣....
#8.#...######......
#.)#...............
#.o'...............
#.@'...............
#o)#......)........
#8)#...######......
#..#....≈≈≈≈.......
....##.♣.≈≈≈≈..♣....
.......#...≈≈≈≈.....##
######.$#..♣≈≈≈≈..♣.##
####..♣≈≈≈≈≈...#
#....♣♣≈≈≈≈≈.♣#


You could see an orc knight and an orc warrior (strong).

Vanquished Creatures
  Pikel (D:5)
  A troll (D:6)
  Grinder (D:3)
  2 water moccasins
  3 orc warriors
  An ice beast (D:6)
  A black bear (D:7)
  A centaur (D:5)
  A lemure (D:4)
  2 phantoms
  A necrophage (D:4)
  5 wights
  4 scorpions
  2 electric eels (D:6)
  2 howler monkeys
  3 hounds
  6 orc priests
  A gnoll bouda (D:5)
  A jelly (D:2)
  5 iguanas
  Terence (D:3)
  4 orc wizards
  6 gnolls
  5 adders
  A white imp (D:6)
  An ufetubus (D:6)
  A worm (D:4)
  4 dart slugs
  29 orcs
  3 bats
  5 endoplasms
  4 giant cockroaches
  11 goblins
  15 hobgoblins
  4 jackals (D:2)
  7 kobolds
  4 quokkas
  9 ball pythons
  4 frilled lizards
  4 rats
166 creatures vanquished.

Vanquished Creatures (others)
  16 plants (D:7)
16 creatures vanquished.

Grand Total: 182 creatures vanquished

Notes
Turn   | Place    | Note
-------+----------+-------------------------------------------
     0 | D:1      | timneilson the Gargoyle Fighter began the quest for the
                  | Orb.
     0 | D:1      | Reached XP level 1. HP: 14/14 MP: 1/1
   208 | D:1      | Reached XP level 2. HP: 19/19 MP: 2/2
   381 | D:1      | Found Qarrubar's Jewellery Shoppe.
   573 | D:1      | Found a faded altar of an unknown god.
   693 | D:2      | Reached XP level 3. HP: 23/23 MP: 3/3
   857 | D:2      | Reached XP level 4. HP: 28/28 MP: 4/4
  1049 | D:2      | Found an ornate altar of the Wu Jian Council.
  1355 | D:3      | Reached skill level 1 in Dodging
  1362 | D:3      | Reached XP level 5. HP: 31/33 MP: 5/5
  1539 | D:3      | Noticed Terence
  1551 | D:3      | Killed Terence
  1670 | D:3      | Noticed Grinder
  1674 | D:3      | Paralysed by Grinder for 5 turns
  1694 | D:3      | Killed Grinder
  1695 | D:3      | Reached skill level 1 in Evocations
  1695 | D:3      | Reached XP level 6. HP: 25/38 MP: 6/6
  1942 | D:3      | Found a hazy altar of Hepliaklqana.
  2251 | D:4      | Reached XP level 7. HP: 38/43 MP: 7/7
  2261 | D:4      | Reached skill level 5 in Armour
  2323 | D:4      | Reached skill level 5 in Shields
  2811 | D:4      | Reached XP level 8. HP: 48/48 MP: 8/8
  2878 | D:4      | Found a staircase to the Ecumenical Temple.
  2887 | Temple   | Entered the Ecumenical Temple
  2892 | Temple   | Became a worshipper of Warmaster Okawaru
  3089 | D:5      | Entered Level 5 of the Dungeon
  3296 | D:5      | Noticed Pikel
  3549 | D:5      | Found a glowing golden altar of the Shining One.
  3552 | D:5      | Found a basalt altar of Yredelemnul.
  3597 | D:5      | Reached skill level 1 in Invocations
  3803 | D:5      | Killed Pikel
  3803 | D:5      | Reached * piety under Okawaru
  3804 | D:5      | Reached skill level 5 in Fighting
  3804 | D:5      | Reached skill level 5 in Long Blades
  3804 | D:5      | Reached XP level 9. HP: 12/54 MP: 8/10
  4031 | D:5      | Found an ancient bone altar of Kikubaaqudgha.
  4568 | D:6      | Found Rizof's Gadget Gallery.
  4669 | D:6      | Noticed a troll
  4693 | D:6      | Killed a troll
  4693 | D:6      | Reached ** piety under Okawaru
  5678 | D:7      | Found an opulent altar of Gozag.
  5733 | D:7      | Found a hide-covered altar of Uskayaw.
  5735 | D:7      | Noticed a +0 hand axe
  5735 | D:7      | Noticed a +0 hand axe
  5786 | D:7      | Found a flagged portal.
  5819 | Bailey   | Entered a bailey
  5917 | Bailey   | Noticed an orc knight
  5928 | Bailey   | Reached *** piety under Okawaru
  5929 | Bailey   | Reached XP level 10. HP: 10/60 MP: 10/12
  5932 | Bailey   | Slain by an orc knight

Illustrated notes

Levels and vault maps discovered:
D:1:      grunt_arrival_crossed_arrows, layout_rooms,
          chequers_ecumenical_altar_twisty, serial_shops, nicolae_shop_crystal,
          hex_medium, minmay_misc_feat_tiny, chequers_serial_rivers_micro_d
D:2:      wander_river, layout_rooms, basic_altar, minmay_close_crescents
D:3:      minmay_wonky_spiral, layout_basic, nicolae_hepliaklqana_hippocampus,
          minmay_misc_feat_ornament, uniq_grinder, uniq_terence
D:4:      layout_rooms, minmay_temple_entry_enclosed_plants
D:5:      layout_basic, overflow_temple_1_default, marbit_many_paths,
          mainiacjoe_overflow_small_starburst, uniq_pikel
D:6:      kennysheep_big_flooded_room, layout_loops_cross, nicolae_shop_gadgets
D:7:      layout_basic, dancing_weapons_uskayaw,
          nicolae_gozag_cash_rules_everything_around_me, enter_bailey_7,
          serial_bayou, serial_bayou_lagoon_a, serial_bayou_pond_e,
          serial_bayou_shore_b, serial_bayou_lagoon_b, uniq_prince_ribbit1,
          uniq_menkaure
Temple:   hellmonk_temple_micro_hex
Bailey:   bailey_polearm_elven_captive_hellmonk, bailey

Skill      XL: |  1  2  3  4  5  6  7  8  9 |
---------------+----------------------------+-----
Long Blades    | 2 3 4 5 6 |  6.1
Armour         | 4 5 6 7 |  7.7
Shields        | 4 5 6 7 |  7.6
Dodging        | 1 2 3 |  3.4
Fighting       | 4 5 |  5.8
Evocations     | 1 2 3 |  3.5
Invocations    | 2 3 |  3.4

Action                   |  1- 3 |  4- 6 |  7- 9 | 10-12 || total
-------------------------+-------+-------+-------+-------++-------
Melee: Long sword        |   129 |   136 |   568 |       ||   833
Invok: Heroism           |       |       |     3 |       ||     3
  Use: Scroll            |     3 |     5 |     8 |       ||    16
       Potion            |       |     4 |     3 |     3 ||    10
Armor: Scale mail        |    91 |       |       |       ||    91
       Chain mail        |     1 |   100 |   345 |     1 ||   447
       Skin              |       |     7 |       |       ||     7
Dodge: Dodged            |    72 |    48 |   241 |     1 ||   362
Block: Buckler           |    25 |    43 |   212 |     2 ||   282

Table legend: (Time is in decaauts)
 A = Elapsed time spent in this place.
 B = Non-inter-level travel time spent in this place.
 C = Inter-level travel time spent in this place.
 D = Time resting spent in this place.
 E = Time spent auto-exploring this place.
 F = Levels seen in this place.
 G = Mean time per level.
                   A        B        C        D        E       F      G
               +--------+--------+--------+--------+--------+-----+--------+
         Total |   6143 |   5999 |    144 |    529 |   3422 |   9 |  682.6 |
       Dungeon |   6022 |   5878 |    144 |    525 |   3422 |   7 |  860.3 |
        Temple |     10 |     10 |      0 |      0 |      0 |   1 |   10.0 |
        Bailey |    110 |    110 |      0 |      4 |      0 |   1 |  110.0 |
               +--------+--------+--------+--------+--------+-----+--------+

Top non-repeatable levels by time:
     D:6: 1299 daAuts
     D:5: 1068 daAuts
     D:3: 1038 daAuts
     D:4: 948 daAuts
     D:2: 726 daAuts
     D:1: 695 daAuts
     D:7: 244 daAuts
  Bailey: 110 daAuts
  Temple: 10 daAuts
